 Dungeon Crawl Stone Soup version 0.27-a0-1206-g6342a01c75 (webtiles) character file.

Game seed: 16405811649280616481

19 Glokmah the Vexing (level 2, 0/16 HPs)
             Began as a Kobold Arcane Marksman on June 5, 2021.
             Slain by a jackal (1 damage)
             ... on level 1 of the Dungeon.
             The game lasted 00:01:47 (649 turns).

Glokmah the Vexing (Kobold Arcane Marksman)          Turns: 649, Time: 00:01:48

Health: 0/16       AC:  2    Str:  7    XL:     2   Next: 95%
Magic:  4/4        EV: 15    Int: 14    God:
Gold:   35         SH:  0    Dex: 15    Spells: 3/4 levels left

rFire    . . .     SeeInvis .   a - +0 hand crossbow
rCold    . . .     Faith    .   (shield restricted)
rNeg     . . .     Spirit   .   e - +0 robe
rPois    .         Reflect  .   (no helmet)
rElec    .         Harm     .   (no cloak)
rCorr    .         Rampage  .   (no gloves)
Will     .....                  (no boots)
Stlth    ++........             (no amulet)
HPRegen  0.05/turn              (no ring)
MPRegen  0.09/turn              (no ring)

@: no status effects
A: small, no large weapons, nightstalker 3
a: no special abilities


You were on level 1 of the Dungeon.
You visited 1 branch of the dungeon, and saw 1 of its levels.

You collected 35 gold pieces.

Inventory:

Hand Weapons
 a - a +0 hand crossbow (weapon)
 b - a +0 dagger
Missiles
 d - 18 bolts (quivered ammo)
Armour
 e - a +0 robe (worn)
Jewellery
 f - a +6 ring of intelligence
Scrolls
 g - a scroll of teleportation {unknown}


   Skills:
 + Level 1.5 Fighting
 * Level 3.1 Crossbows
 - Level 2.4 Dodging
 + Level 1.5 Spellcasting
 + Level 3.2 Hexes


You had 3 spell levels left.
You knew the following spells:

 Your Spells              Type           Power      Damage    Failure   Level
a - Corona                Hex            11%        N/A       7%          1

Your spell library contained the following spells:

 Spells                   Type           Power      Damage    Failure   Level
 Slow                     Hex            10%        N/A       11%         2
 Inner Flame              Hex/Fire       5%         N/A       36%         3
 Portal Projectile        Hex/Tloc       10%        N/A       36%         3
 Cause Fear               Hex            5%         N/A       56%         4
 Leda's Liquefaction      Hex/Erth       2%         N/A       78%         4


Dungeon Overview and Level Annotations

Branches:
Dungeon (1/15)

Altars:


Innate Abilities, Weirdness & Mutations

You are small and have problems with some larger weapons.
You are completely attuned to the shadows.


Message History

Press: ? - help, Q - select action, (/) - cycle Shift-Dir - straight line, f/p - jackal
Aim: a jackal (50% to hit)
You throw a poisoned dart.
The poisoned dart barely misses the jackal.
The poisoned dart closely misses the jackal.
The jackal closely misses you.
Throw: 2 darts (poison)
Press: ? - help, Q - select action, (/) - cycle Shift-Dir - straight line, f/p - jackal
Aim: a jackal (50% to hit)
You throw a poisoned dart.
The poisoned dart closely misses the jackal.
The poisoned dart hits the jackal.
The jackal is heavily wounded.
The jackal bites you.
* * * LOW HITPOINT WARNING * * *
The jackal bites you.
* * * LOW HITPOINT WARNING * * *
Throw: dart (poison)
Press: ? - help, Q - select action, (/) - cycle Shift-Dir - straight line, f/p - jackal
Aim: a jackal (50% to hit)
You throw a poisoned dart.
The poisoned dart closely misses the jackal.
The poisoned dart barely misses the jackal.
The jackal barely misses you.
a - a +0 hand crossbow (weapon)
The jackal misses you.
You aren't carrying any potions.
Fire: 20 bolts
Press: ? - help, Q - select action, (/) - cycle Shift-Dir - straight line, f/p - jackal
Aim: a jackal (56% to hit)
You shoot a bolt. The bolt closely misses the jackal.
The bolt barely misses the jackal.
You kill the jackal!
The jackal closely misses you. The jackal barely misses you.
Fire: 19 bolts
Press: ? - help, Q - select action, (/) - cycle Shift-Dir - straight line, f/p - jackal
Aim: a jackal (56% to hit)
You shoot a bolt. The bolt closely misses the jackal.
The jackal bites you.
You die...

...... ..............#
...((########...........#
#....................#
#..######............#
#....................#
#...####...........).#
#....................#
##...†##..............#
#..(.(h@..............##
######....####......######...
#....................########
#........######............#.
#....................##....#.
#.......########.....##....##
#............................
#......).....................
#............................


You could see a jackal.

Vanquished Creatures
  A dart slug (D:1)
  2 giant cockroaches (D:1)
  5 goblins (D:1)
  A hobgoblin (D:1)
  2 jackals (D:1)
  A ball python (D:1)
  2 bats (D:1)
  A frilled lizard (D:1)
  A rat (D:1)
16 creatures vanquished.

Notes
Turn   | Place    | Note
-------+----------+-------------------------------------------
     0 | D:1      | Glokmah the Kobold Arcane Marksman began the quest for the
                  | Orb.
     0 | D:1      | Reached XP level 1. HP: 12/12 MP: 2/2
   171 | D:1      | Reached XP level 2. HP: 16/16 MP: 3/3
   649 | D:1      | Slain by a jackal

Illustrated notes

Levels and vault maps discovered:
D:1:      dpeg_arrival_arbitrary_a, layout_basic, minmay_misc_feat_more_columns,
          minmay_statues_item, solitary_fountain, minivault_25,
          minmay_misc_feat_alley

Skill      XL: |  1  2 |
---------------+-------+-----
Crossbows      | 3 |  3.1
Fighting       | |  1.5
Dodging        | |  2.4
Spellcasting   | |  1.5
Hexes          | |  3.2

Action                   || total
-------------------------++-------
Melee: Club              ||     9
       Dagger            ||     6
 Fire: Hand crossbow     ||     9
Throw: Dart              ||    29
Armor: Robe              ||     6
Dodge: Dodged            ||    41

Table legend: (Time is in decaauts)
 A = Elapsed time spent in this place.
 B = Non-inter-level travel time spent in this place.
 C = Inter-level travel time spent in this place.
 D = Time resting spent in this place.
 E = Time spent auto-exploring this place.
 F = Levels seen in this place.
 G = Mean time per level.
                   A        B        C        D        E       F      G
               +--------+--------+--------+--------+--------+-----+--------+
         Total |    653 |    653 |      0 |      0 |    464 |   1 |  653.0 |
       Dungeon |    653 |    653 |      0 |      0 |    464 |   1 |  653.0 |
               +--------+--------+--------+--------+--------+-----+--------+

Top non-repeatable levels by time:
     D:1: 653 daAuts
